 Dungeon Crawl Stone Soup version 0.31-a0-981-geadf994542 (webtiles) character file.

Game seed: 17906749185046441511

71723 Revguard the Fighter (level 14, 0/181 HPs)
             Began as a Demonspawn Berserker on Nov 1, 2023.
             Was a High Priest of Trog.
             Succumbed to a cane toad's poison
             ... on level 5 of the Lair of Beasts.
             The game lasted 00:59:50 (23145 turns).

Revguard the Fighter (Demonspawn Berserker)        Turns: 23145, Time: 00:59:51

Health: 0/181      AC: 21    Str: 28    XL:     14   Next: 98%
Magic:  4/14       EV: 15    Int:  9    God:    Trog [*****.]
Gold:   1101       SH:  0    Dex: 15    Spells: 13/13 levels left

rFire   + . .        A - +4 broad axe
rCold   + . .        (no shield)
rNeg    . . .        J - +0 plate armour of Recklessness {Regen+}
rPois   .            q - +2 helmet
rElec   .            y - scarf {rC+ rF+}
rCorr   .            (no gloves)
SInv    .            (no boots)
Will    +++..        I - amulet of guardian spirit Stlth
                     n - +4 ring of protection
HPRegen 2.30/turn    r - +6 ring of strength
MPRegen 0.14/turn

%: guardian spirit
@: berserking (expiring), lethally poisoned (0 -> -10), strong-willed,
regenerating, very quick
A: repulsion field 2, powered by pain 2, demonic magic 1, demonic touch 2, thin
skeletal structure 1, mutation resistance 1, sense surroundings 1
a: Renounce Religion, Berserk, Trog's Hand, Brothers in Arms


You were on level 5 of the Lair of Beasts.
You worshipped Trog.
Trog was extremely pleased with you.
You visited 4 branches of the dungeon, and saw 23 of its levels.

You collected 1895 gold pieces.
You spent 794 gold pieces at shops.

Inventory:

Hand Weapons
 A - a +4 broad axe (weapon)
 T - a +4 battleaxe of flaming
Missiles
 D - 2 throwing nets
Armour
 f - a scarf of invisibility
 q - a +2 helmet (worn)
 y - a scarf of resistance (worn)
 J - the +0 plate armour of Recklessness (worn) {Regen+}
   (You bought it in a shop on level 2 of the Orcish Mines)

   Regen+:    It increases your rate of health regeneration.
 S - a +2 cloak
Jewellery
 b - a ring of fire
 n - a +4 ring of protection (left hand)
 r - a +6 ring of strength (right hand)
 B - a +4 ring of protection
 E - a ring of positive energy
 F - a ring of fire
 H - a ring of poison resistance
 I - an amulet of guardian spirit (around neck)
 P - an amulet of reflection
Wands
 m - a wand of roots (11)
 u - a wand of mindburst (5)
 v - a wand of light (7)
 C - a wand of paralysis (26)
 N - a wand of polymorph (4)
 O - a wand of flame (11)
 V - a wand of digging (7)
Scrolls
 a - 2 scrolls of revelation
 d - 4 scrolls of immolation
 g - 2 scrolls of enchant armour
 h - a scroll of silence
 j - 2 scrolls of blinking
 k - 7 scrolls of identify
 s - 6 scrolls of poison
 x - 3 scrolls of teleportation
 G - 2 scrolls of fog
 L - 5 scrolls of vulnerability
 R - 2 scrolls of fear
 U - a scroll of noise
Potions
 c - 3 potions of cancellation
 e - 3 potions of magic
 i - 5 potions of resistance
 l - 9 potions of haste
 o - 6 potions of enlightenment
 p - a potion of lignification
 t - 8 potions of curing
 w - 3 potions of might
 z - a potion of brilliance
 K - 3 potions of mutation
 M - 2 potions of heal wounds
Miscellaneous
 Q - a condenser vane


   Skills:
 * Level 14.6 Fighting
 * Level 11.3 Axes
 + Level 9.9 Armour
 + Level 9.7 Dodging
 + Level 8.3 Unarmed Combat
 + Level 10.2 Evocations


You had 13 spell levels left.
You didn't know any spells.
Your spell library was empty.

Dungeon Overview and Level Annotations

Branches:
Dungeon (15/15)            Temple (1/1) D:5            Lair (5/5) D:8
  Swamp (0/4) Lair:3       Spider (0/4) Lair:2        Slime (0/5) Lair:5
    Orc (2/2) D:10            Elf (0/3) Orc:2        Vaults (0/5) D:13
 Depths (0/4) D:15

Altars:
Ashenzari
Cheibriados
Dithmenos
Fedhas
Gozag
Hepliaklqana
Kikubaaqudgha
Makhleb
Nemelex Xobeh
Okawaru
Qazlal
Ru
Sif Muna
Trog
Uskayaw
Vehumet
Wu Jian
Xom
Yredelemnul
Jiyva

Shops:
D:12 !   D:15 [   Orc:1 *   Orc:2 (*:[(


Innate Abilities, Weirdness & Mutations

You are surrounded by a moderate repulsion field. (EV +3)
You sometimes gain power by taking damage.
Spells you cast may paralyse adjacent enemies.
Your touch may inflict irresistible damage on your foes.
You have a somewhat thin skeletal structure. (Dex +2, Stealth+)
You are somewhat resistant to further mutation.
You passively map a small area around you.


Message History

Trog accepts your kill.
Trog appreciates your killing of a magic user.
You closely miss the blink frog. You completely miss the blink frog.
You slash the blink frog! You miss the wolf. You slash the cane toad!
You kill the cane toad!
Trog accepts your kill.
You barely miss the water moccasin. You closely miss the wolf.
* * * LOW HITPOINT WARNING * * *
You feel very sick. The wolf barely misses you. The wolf bites you.
* * * LOW HITPOINT WARNING * * *
The water moccasin bites you but does no damage.
The blink frog barely misses you.
The blink frog hits you but does no damage.
You slash the wolf!
The wolf is almost dead.
You closely miss the wolf. You slice the blink frog!!
You kill the blink frog!
Trog accepts your kill.
You hit the blink frog. You slash the blink frog! You slash the water moccasin!
* * * LOW HITPOINT WARNING * * *
You feel very sick. The wolf bites you but does no damage.
The wolf barely misses you. The water moccasin closely misses you.
The blink frog blinks!
You slice the wolf!!
You kill the wolf!
Trog accepts your kill.
You closely miss the water moccasin. You closely miss the wolf.
You slash the rime drake! You slice the blink frog!!
* * * LOW HITPOINT WARNING * * *
You feel very sick. The wolf closely misses you.
The blink frog blinks! x2
The water moccasin barely misses you. The rime drake barely misses you.
You are too berserk!
You cut the water moccasin into ribbons!!!
You kill the water moccasin!
Trog accepts your kill.
You slash the wolf! You completely miss the rime drake.
You miss the blink frog.
You die...

................P### ##*
,
...................#....
,
...................#....
,,
...................^.F..
,
........................
,
................F.......
.................F......,
...............k†......)
, ..........F....F@).P.#.
....#........<.§†h......
..............$.........
,
........................
...............§........
.........P..............
........................
* .... , ,.......P.......
, , *


You could see a cane toad, 4 blink frogs, a rime drake and a wolf.

Vanquished Creatures
  Kirke (D:12)
  An ironbound preserver (D:13)
  Nessos (Lair:5)
  The ghost of Rosaphim the Grappler, a journeyman TrMo of Okawaru (Lair:2)
  A fire dragon (D:15)
  Snorg (Lair:3)
  An entropy weaver (D:13)
  An ice dragon (D:15)
  7 hydras
  6 boulder beetles
  4 centaur warriors
  2 two-headed ogres
  A two-headed ogre (shapeshifter) (D:15)
  2 occultists (D:12)
  A skyshark (Lair:2)
  3 orc knights (Orc:2)
  A deep elf zephyrmancer (D:14)
  2 deep elf pyromancers
  An oklob plant (D:7)
  15 ugly things
  The ghost of kal9871 the Cudgeller, a novice OgFi (D:5)
  2 orc sorcerers
  3 cyclopes
  2 manticores
  Maurice (D:13)
  An eye of devastation (Lair:5)
  An elephant (D:8)
  2 black mambas (Lair:5)
  3 unseen horrors
  7 cane toads
  2 gargoyles
  An efreet (D:15)
  11 komodo dragons
  4 trolls
  6 meliai
  Grinder (D:4)
  A polar bear (Lair:2)
  13 blink frogs
  2 hornets
  2 glass eyes
  A slime creature (D:13)
  Sigmund (D:4)
  3 shadows
  A human (D:9)
  36 yaks
  6 water elementals (D:15)
  3 wraiths
  4 wyverns
  2 vampires
  3 hogs (D:12)
  A basilisk (Lair:1)
  2 vampire mosquitoes (D:12)
  4 steam dragons
  2 wargs (Orc:1)
  An acid dragon (D:10)
  10 water moccasins
  A black bear (D:5)
  4 ice beasts
  30 orc warriors
  A black bear (shapeshifter) (D:14)
  7 ogres
  15 centaurs
  34 wolves
  2 phantoms
  A kobold brigand (D:10)
  11 bullfrogs
  Blork the orc (D:5)
  7 scorpions
  6 wights
  25 killer bees
  4 electric eels
  3 howler monkeys (D:9)
  A wyvern simulacrum (D:5)
  A water moccasin simulacrum (D:5)
  15 orc priests
  Crazy Yiuf (D:4)
  5 hounds
  9 jellies (D:7)
  15 iguanas
  2 sleepcaps (D:5)
  Ijyb (D:4)
  23 orc wizards
  12 hell rats (Lair:4)
  An ogre zombie (D:5)
  3 bullfrog simulacra (D:5)
  A mummy (D:5)
  A scorpion simulacrum (D:5)
  14 gnolls
  8 adders
  A gnoll zombie (D:5)
  A hound simulacrum (D:5)
  A shadow imp (D:7)
  2 white imps
  2 ufetubi (D:7)
  8 worms
  4 dart slugs
  75 orcs
  7 bats
  14 endoplasms
  6 giant cockroaches
  8 goblins
  11 hobgoblins
  4 jackals (D:4)
  3 quokkas
  8 ball pythons
  20 frilled lizards
  16 kobolds
  5 rats
660 creatures vanquished.

Vanquished Creatures (collateral kills)
  2 slime creatures (D:13)
  Erica (D:9)
  An arcanist (D:12)
  A deep elf zephyrmancer (D:12)
  A hornet (D:9)
  An orc warrior (Orc:2)
  A centaur (Orc:2)
  A kobold brigand (D:9)
  An orc (Orc:2)
  4 kobolds (D:9)
14 creatures vanquished.

Grand Total: 674 creatures vanquished

Notes
Turn   | Place    | Note
-------+----------+-------------------------------------------
     0 | D:1      | Revguard the Demonspawn Berserker began the quest for the
                  | Orb.
     0 | D:1      | Reached XP level 1. HP: 18/18 MP: 1/1
    84 | D:1      | Gained mutation: You are surrounded by a mild repulsion
                  | field. (EV +2) [demonic ancestry]
    84 | D:1      | Reached XP level 2. HP: 8/24 MP: 2/2
   391 | D:1      | Reached ** piety under Trog
   477 | D:1      | Gained mutation: You sometimes gain a little power by
                  | taking damage. [demonic ancestry]
   477 | D:1      | Reached XP level 3. HP: 29/29 MP: 3/3
   735 | D:2      | Reached skill level 1 in Evocations
   947 | D:2      | Reached XP level 4. HP: 29/36 MP: 4/4
  1373 | D:3      | Found a faded altar of an unknown god.
  1452 | D:3      | Reached skill level 4 in Fighting
  1452 | D:3      | Reached XP level 5. HP: 39/42 MP: 5/5
  1901 | D:3      | Gained mutation: Your touch may inflict minor irresistible
                  | damage on your foes. [demonic ancestry]
  1901 | D:3      | Reached XP level 6. HP: 44/49 MP: 6/6
  1906 | D:3      | Found an iron altar of Okawaru.
  1998 | D:4      | Noticed Ijyb
  2011 | D:4      | Killed Ijyb
  2090 | D:4      | Identified the +0 leather armour of the Chupacabra {-Tele
                  | Harm rF++ Int+3}
  2296 | D:4      | Reached *** piety under Trog
  2356 | D:4      | Found a runed translucent door.
  2357 | D:4      | Noticed Crazy Yiuf
  2364 | D:4      | Killed Crazy Yiuf
  2491 | D:4      | Found a shimmering altar of Xom.
  2491 | D:4      | Found a shadowy altar of Dithmenos.
  2576 | D:4      | Noticed Grinder
  2599 | D:4      | Killed Grinder
  2600 | D:4      | Reached skill level 5 in Fighting
  2600 | D:4      | Gained mutation: Your touch may inflict irresistible damage
                  | on your foes. [demonic ancestry]
  2600 | D:4      | Reached XP level 7. HP: 52/56 MP: 7/7
  2655 | D:4      | Noticed Sigmund
  2680 | D:4      | Killed Sigmund
  2681 | D:4      | Reached skill level 5 in Axes
  2902 | D:5      | Entered Level 5 of the Dungeon
  2980 | D:5      | Reached XP level 8. HP: 64/64 MP: 8/8
  3139 | D:5      | Found a sacrificial altar of Ru.
  3178 | D:5      | Reached skill level 6 in Fighting
  3374 | D:5      | Found a transporter.
  3478 | D:5      | Found a staircase to the Ecumenical Temple.
  3484 | Temple   | Entered the Ecumenical Temple
  3554 | D:5      | Found a transporter.
  3656 | D:5      | Found a runed translucent gate.
  3657 | D:5      | Found a runed translucent gate.
  3658 | D:5      | Found a runed translucent gate.
  3708 | D:5      | Found a snail-covered altar of Cheibriados.
  3710 | D:5      | Noticed Blork the orc
  3723 | D:5      | Killed Blork the orc
  4216 | D:5      | Noticed kal9871's ghost (novice OgFi)
  4337 | D:5      | Killed kal9871's ghost
  4338 | D:5      | Reached skill level 7 in Fighting
  4338 | D:5      | Gained mutation: You sometimes gain power by taking damage.
                  | [demonic ancestry]
  4338 | D:5      | Reached XP level 9. HP: 72/72 MP: 9/9
  5076 | D:6      | Reached skill level 1 in Unarmed Combat
  5183 | D:6      | Reached **** piety under Trog
  5604 | D:7      | Reached skill level 5 in Armour
  5604 | D:7      | Reached skill level 5 in Dodging
  5706 | D:7      | Found a hide-covered altar of Uskayaw.
  5910 | D:7      | Found an ancient bone altar of Kikubaaqudgha.
  6032 | D:7      | Reached skill level 8 in Fighting
  6067 | D:7      | Reached skill level 5 in Evocations
  6299 | D:7      | Reached XP level 10. HP: 28/80 MP: 10/10
  6634 | D:7      | Noticed an oklob plant
  6640 | D:7      | Killed an oklob plant
  6831 | D:8      | Identified the "Muer"
  6946 | D:8      | Found a shimmering blue altar of Sif Muna.
  7200 | D:8      | Found a sparkling altar of Nemelex Xobeh.
  7279 | D:8      | Found a staircase to the Lair.
  7279 | D:8      | Noticed an elephant
  7284 | D:8      | Killed an elephant
  7285 | D:8      | Reached skill level 9 in Fighting
  7322 | D:8      | Found an opulent altar of Gozag.
  7715 | D:9      | Found a runed translucent door.
  7719 | D:9      | Found a basalt altar of Yredelemnul.
  8139 | D:9      | Noticed Erica
  8165 | D:9      | Killed Erica
  8166 | D:9      | Gained mutation: You are surrounded by a moderate repulsion
                  | field. (EV +3) [demonic ancestry]
  8166 | D:9      | Reached XP level 11. HP: 79/89 MP: 11/11
  8692 | D:10     | Entered Level 10 of the Dungeon
  8747 | D:10     | Gained mutation: You passively map a small area around you.
                  | [potion of mutation]
  8747 | D:10     | Gained mutation: You have a somewhat thin skeletal
                  | structure. (Dex +2, Stealth+) [potion of mutation]
  8747 | D:10     | Gained mutation: You are somewhat resistant to further
                  | mutation. [potion of mutation]
  9056 | D:10     | Reached skill level 10 in Fighting
  9069 | D:10     | Noticed a boulder beetle
  9189 | D:10     | Killed a boulder beetle
  9311 | D:10     | Found a blossoming altar of Fedhas.
  9318 | D:10     | Found an ornate altar of the Wu Jian Council.
  9393 | D:10     | Reached ***** piety under Trog
  9530 | D:10     | Found a staircase to the Orcish Mines.
  9681 | D:10     | Noticed a two-headed ogre
  9690 | D:10     | Killed a two-headed ogre
 10667 | D:11     | Noticed a boulder beetle
 10677 | D:11     | Reached skill level 5 in Unarmed Combat
 10709 | D:11     | Killed a boulder beetle
 10710 | D:11     | Gained mutation: Spells you cast may paralyse adjacent
                  | enemies. [demonic ancestry]
 10710 | D:11     | Reached XP level 12. HP: 43/99 MP: 6/12
 10895 | D:11     | Reached skill level 11 in Fighting
 11089 | D:12     | Identified the "Zulairgh"
 11089 | D:12     | Identified the "Cackulit"
 11089 | D:12     | Identified the "Muomuc"
 11202 | D:12     | Noticed a centaur warrior
 11209 | D:12     | Killed a centaur warrior
 11692 | D:12     | Noticed Kirke
 11708 | D:12     | Killed Kirke
 11778 | D:12     | Found Wywk's Distillery.
 11789 | D:12     | Bought a potion of curing for 42 gold pieces
 11789 | D:12     | Bought a potion of mutation for 112 gold pieces
 11789 | D:12     | Bought a potion of mutation for 112 gold pieces
 12413 | D:13     | Noticed Maurice
 12421 | D:13     | Something stole a +4 ring of protection
 12422 | D:13     | Something stole a +0 morningstar
 12428 | D:13     | Killed Maurice
 12493 | D:13     | Noticed an ironbound preserver
 12493 | D:13     | Noticed an entropy weaver
 12508 | D:13     | Killed an entropy weaver
 12509 | D:13     | Killed an ironbound preserver
 12689 | D:13     | Found a gate to the Vaults.
 12844 | D:13     | Noticed a five-headed hydra
 12857 | D:13     | Killed a five-headed hydra
 12858 | D:13     | Reached skill level 12 in Fighting
 13308 | D:13     | Noticed a two-headed ogre
 13309 | D:13     | Noticed a centaur warrior
 13314 | D:13     | Killed a two-headed ogre
 13318 | D:13     | Killed a centaur warrior
 13849 | D:13     | Reached XP level 13. HP: 108/108 MP: 13/13
 15329 | D:15     | Entered Level 15 of the Dungeon
 15627 | D:15     | Reached skill level 13 in Fighting
 15636 | D:15     | Reached skill level 10 in Axes
 15665 | D:15     | Noticed a fire dragon
 15682 | D:15     | Killed a fire dragon
 15942 | D:15     | HP: 7/166 [meliai/divine providence (13)]
 15945 | D:15     | HP: 3/166 [poisoned by a meliai]
 15950 | D:15     | HP: 2/111 [poisoned by a meliai]
 16281 | D:15     | Found Zaem's Antique Armour Shoppe.
 16993 | D:15     | Found a staircase to the Depths.
 17191 | Lair:5   | Identified the of Pabrazi
 17191 | Orc:1    | Entered Level 1 of the Orcish Mines
 17291 | Orc:1    | Found Imucel Byah's Assorted Antiques.
 17384 | Orc:1    | Bought a wand of light (2) for 168 gold pieces
 17384 | Orc:1    | Bought a potion of curing for 60 gold pieces
 17631 | Orc:2    | Entered Level 2 of the Orcish Mines
 17650 | Orc:2    | Reached XP level 14. HP: 118/118 MP: 11/14
 18146 | Orc:2    | Found Etaocros's Book Boutique.
 18146 | Orc:2    | Found Ocsupn's General Store.
 18148 | Orc:2    | Found Baqe's Weapon Emporium.
 18150 | Orc:2    | Found Pausiy Xesy's Armour Shop.
 18162 | Orc:2    | Bought the +0 plate armour of Recklessness {Regen+} for 300
                  | gold pieces
 18332 | Orc:2    | Found a staircase to the Elven Halls.
 18394 | Orc:2    | Found a burning altar of Makhleb.
 18419 | Orc:2    | Found Kessuipt's Antique Weapon Shop.
 18524 | Orc:2    | Found a shimmering blue altar of Sif Muna.
 18995 | Lair:1   | Entered Level 1 of the Lair of Beasts
 19840 | Lair:2   | Found a hole to the Spider Nest.
 19922 | Lair:2   | Found a runed translucent gate.
 19924 | Lair:2   | Found a runed translucent gate.
 19925 | Lair:2   | Found a runed translucent gate.
 19946 | Lair:2   | Reached skill level 14 in Fighting
 19963 | Lair:2   | Noticed Rosaphim's ghost (journeyman TrMo)
 19981 | Lair:2   | Killed Rosaphim's ghost
 20348 | Lair:2   | Received a gift from Trog
 21433 | Lair:3   | Noticed Snorg
 21441 | Lair:3   | Killed Snorg
 21543 | Lair:3   | Reached skill level 10 in Evocations
 21574 | Lair:3   | Found a staircase to the Swamp.
 22070 | Lair:4   | Identified the +2 scale mail of Fortification {Str+5}
 22595 | Lair:4   | Identified the +9 chain mail of Shadows and Fog {rElec
                  | Str+3}
 22884 | Lair:5   | Entered Level 5 of the Lair of Beasts
 22985 | Lair:5   | Found a staircase to the Slime Pits.
 22986 | Lair:5   | Found a viscous altar of Jiyva.
 23129 | Lair:5   | Noticed Nessos
 23142 | Lair:5   | Killed Nessos
 23143 | Lair:5   | HP: 7/181 [poisoned by a cane toad]
 23144 | Lair:5   | HP: 3/181 [poisoned by a cane toad]
 23145 | Lair:5   | Succumbed to a cane toad's poison

Illustrated notes

Levels and vault maps discovered:
D:1:      onia_arrival_handbag, layout_rooms, st_stairs_4
D:2:      layout_basic, serial_bayou_crossing
D:3:      layout_rooms, okawaru_altar_gauntlet_db, basic_ecumenical_altar,
          corexii_corridor_pit, nicolae_elevator_lobby_plus
D:4:      layout_basic, chequers_temple_overflow_statue_of_worship,
          mainiacjoe_overflow_alcove_1, hangedman_decor_opposing, uniq_ijyb,
          uniq_grinder, uniq_crazy_yiuf_cottage, uniq_sigmund
D:5:      gammafunk_cloud_chamber, layout_basic, slow_altar_1,
          nicolae_ru_great_annihilating_truth, minmay_temple_entry_hall,
          gammafunk_ghost_icy, uniq_blork_the_orc
D:6:      layout_basic
D:7:      lemuel_slime, layout_loops_ring, nicolae_uskayaw_dance_hall,
          mainiacjoe_overflow_boulevard
D:8:      layout_basic, mainiacjoe_overflow_concentric_impassable,
          lemuel_round_altar, nemelex_xobeh_ov_fountains_minmay,
          grunt_lair_entry_orc_guard_hut, serial_corexii_hall,
          corexii_hall_statues_x, chequers_hall_statues_corner_a,
          chequers_hall_statues_wall_a
D:9:      layout_irregular_city, dk_yredelemnul_ordeal, uniq_erica
D:10:     layout_basic, kennysheep_little_box, nicolae_overflow_crystal_walls,
          erik_orc_3, kennysheep_small_spiral, onia_ninara_cookie
D:11:     layout_basic, ebering_dispersal_statue_hall
D:12:     layout_basic, serial_shops, shop, bh_hangedman_babel_library,
          uniq_kirke
D:13:     layout_stronghold, hellmonk_vaults_order_and_chaos, uniq_maurice
D:14:     layout_long_grid
D:15:     grunt_enter_depths_hoard, layout_irregular_city, corexii_corridor_pit,
          serial_shops, shop, serial_bayou, serial_bayou_pond_d,
          serial_bayou_lagoon_b, serial_bayou_shore_a, serial_bayou_shore_b
Temple:   hellmonk_temple_flake
Lair:1:   lemuel_reptile_caves, layout_chaotic_city
Lair:2:   layout_layer_cave, nicolae_spider_entry_non_spiders,
          ebering_ghost_rock_garden, nicolae_quartered_pool_super,
          grunt_megastairs_5, lemuel_fruit_fields
Lair:3:   layout_big_grid, swamp_mist, uniq_snorg
Lair:4:   layout_cave_pods
Lair:5:   grunt_lair_end_beastmaster, layout_cave_shapes,
          minmay_slime_entry_eyes, grunt_megastairs_2, serial_bayou_shore_b,
          uniq_nessos
Orc:1:    layout_caves, serial_shops, shop, mines1_david
Orc:2:    st_orc_rangers, layout_caves, serial_shops,
          nicolae_shop_temple_entry_statues_fountains, basic_altar,
          kennysheep_orc_sif_temple

Skill      XL: |  1  2  3  4  5  6  7  8  9 10 11 12 13 14 |
---------------+-------------------------------------------+-----
Armour         | 2 3 4 5 6 7 8 9 |  9.9
Dodging        | 2 3 4 5 6 7 8 9 |  9.7
Axes           | 3 4 5 6 7 8 9 10 11 | 11.3
Evocations     | 1 2 3 4 5 6 7 8 9 10 | 10.2
Fighting       | 4 5 7 8 9 10 12 13 14 | 14.6
Unarmed Combat | 2 3 5 6 7 8 |  8.3

Action                     |  1- 3 |  4- 6 |  7- 9 | 10-12 | 13-15 || total
---------------------------+-------+-------+-------+-------+-------++-------
  Melee: Hand axe          |   101 |   214 |   359 |    81 |       ||   755
         Punch             |       |     1 |     7 |    16 |    49 ||    73
         Touch             |       |    11 |    71 |   109 |   149 ||   340
         War axe           |       |       |       |   206 |       ||   206
         Broad axe         |       |       |       |   259 |   684 ||   943
         Morningstar       |       |       |       |    10 |    15 ||    25
         Battleaxe         |       |       |       |       |    12 ||    12
 Invoke: Berserk           |     2 |     3 |     7 |    10 |     8 ||    30
         Trog's Hand       |     1 |     3 |     5 |    10 |     5 ||    24
         Brothers in Arms  |       |       |       |     4 |     1 ||     5
Ability: Evoke Invisibilit |       |     1 |       |       |       ||     1
  Evoke: Wand              |       |     2 |       |    11 |     9 ||    22
    Use: Scroll            |       |     3 |     7 |     7 |     8 ||    25
         Potion            |       |       |     9 |     2 |     2 ||    13
   Stab: Invisible         |       |     1 |       |       |       ||     1
 Armour: Animal skin       |    31 |       |       |       |       ||    31
         Scale mail        |    50 |   149 |   159 |       |       ||   358
         Chain mail        |       |       |   126 |   687 |   358 ||  1171
         Plate armour      |       |       |       |       |   485 ||   485
  Dodge: Dodged            |    88 |   159 |   252 |   674 |   891 ||  2064

Table legend: (Time is in decaauts)
 A = Elapsed time spent in this place.
 B = Non-inter-level travel time spent in this place.
 C = Inter-level travel time spent in this place.
 D = Time resting spent in this place.
 E = Time spent auto-exploring this place.
 F = Levels seen in this place.
 G = Mean time per level.
                   A        B        C        D        E       F      G
               +--------+--------+--------+--------+--------+-----+--------+
         Total |  23578 |  22764 |    814 |   1609 |  16166 |  23 | 1025.1 |
       Dungeon |  17657 |  17058 |    599 |   1238 |  12102 |  15 | 1177.1 |
        Temple |      1 |      1 |      0 |      0 |      0 |   1 |    1.0 |
          Lair |   4191 |   4078 |    113 |      0 |   3252 |   5 |  838.2 |
  Orcish Mines |   1727 |   1626 |    101 |    370 |    812 |   2 |  863.5 |
               +--------+--------+--------+--------+--------+-----+--------+

Top non-repeatable levels by time:
    D:13: 2068 daAuts
    D:10: 1903 daAuts
    D:15: 1610 daAuts
     D:5: 1595 daAuts
  Lair:2: 1364 daAuts
    D:12: 1276 daAuts
     D:7: 1260 daAuts
    D:14: 1217 daAuts
     D:6: 1114 daAuts
     D:9: 1068 daAuts
   Orc:1: 1028 daAuts
  Lair:4: 963 daAuts
     D:4: 922 daAuts
     D:8: 891 daAuts
  Lair:1: 868 daAuts
